 Dungeon Crawl Stone Soup version 0.28.0-43-g3370ac3207 (webtiles) character file.

Game seed: 3343670779188063140

32 sking99 the Charlatan (level 3, 0/23 HPs)
             Began as an Octopode Artificer on Mar 25, 2022.
             Slain by Terence
             ... wielding a +0 hand axe of venom
              (10 damage)
             ... on level 2 of the Dungeon.
             The game lasted 00:01:58 (961 turns).

sking99 the Charlatan (Octopode Artificer)           Turns: 961, Time: 00:01:59

Health: 0/23       AC:  1    Str: 13    XL:     3   Next: 25%
Magic:  3/3        EV: 13    Int: 13    God:
Gold:   34         SH:  0    Dex: 12    Spells: 2/2 levels left

rFire   . . .      SeeInvis .   a - +0 club
rCold   . . .      Faith    .   (no shield)
rNeg    . . .      Spirit   .   (helmet restricted)
rPois   .          Reflect  .   (no amulet)
rElec   .          Harm     .   (no ring)
rCorr   .          Rampage  .   (no ring)
Will    .....                   (no ring)
Stlth   +++.......              (no ring)
HPRegen 0.07/turn               (no ring)
MPRegen 0.08/turn               (no ring)
                                (no ring)
                                (no ring)

@: lethally poisoned (0 -> -24)
A: almost no armour, amphibious, 8 rings, camouflage 1, gelatinous body 1,
(nimble swimmer 1), tentacles
a: no special abilities


You were on level 2 of the Dungeon.
You visited 1 branch of the dungeon, and saw 2 of its levels.

You collected 34 gold pieces.

Inventory:

Hand Weapons
 a - a +0 club (weapon)
Jewellery
 h - a +4 ring of evasion
Wands
 b - a wand of flame (15) (quivered)
 c - a wand of charming (15)
Scrolls
 e - a scroll of blinking {unknown}
 g - a scroll of identify {unknown}
 i - a scroll of fear {unknown}
Potions
 f - a potion of mutation {unknown}
Miscellaneous
 d - a piece from Xom's chessboard (15/15)


   Skills:
 + Level 1.5 Fighting
 * Level 1.5 Maces & Flails
 - Level 2.3 Dodging
 + Level 2.2 Stealth
 + Level 3.6 Evocations


You had 2 spell levels left.
You didn't know any spells.
Your spell library was empty.

Dungeon Overview and Level Annotations

Branches:
Dungeon (2/15)

Altars:

Shops:
D:1 (

Annotations:
D:2 Terence


Innate Abilities, Weirdness & Mutations

You cannot wear most types of armour.
You are amphibious.
You can wear up to eight rings at the same time.
Your skin changes colour to match your surroundings (Stealth+).
Your rubbery body absorbs attacks. (AC +1, EV +1)
((You are camouflaged when in or above water. (Stealth+)))
You have tentacles for arms and can constrict up to eight enemies at once.


Message History

Found a stone staircase leading down.
There is a stone staircase leading up here.
The bat closely misses you.
You hit the bat.
You kill the bat!
No target in view!
You now have 34 gold pieces (gained 7).
An endoplasm comes into view.
An endoplasm is nearby!
The helpless endoplasm fails to defend itself.
You hit the endoplasm.
The endoplasm is heavily wounded.
The endoplasm freezes you.
You are frozen.
You hit the endoplasm.
You kill the endoplasm!
HP restored.
i - a scroll labelled YMASCH WOSY Terence the Incautious comes into view.
He is wielding a +0 hand axe of venom.
Found an escape hatch in the ceiling.
Terence is nearby!
Found a war axe.
A ball python comes into view.
A kobold comes into view. It is wielding a +0 club.
Found a stone staircase leading down.
The helpless Terence fails to defend himself.
You hit Terence but do no damage. Your grab misses Terence.
Your squeeze misses Terence.
Terence hits you with a +0 hand axe of venom!
You are lethally poisoned!
You closely miss Terence.
The ball python hisses angrily.
Your grab misses Terence.
You feel very sick.
An adder comes into view.
Terence hits you with a +0 hand axe of venom.
You are more poisoned.
A frilled lizard comes into view.
Terence hits you with a +0 hand axe of venom!
You die...

..# >.. .S. ...
....... l..
..S....).... .
#S.............
..##.#...<.......
....... .........
#..@##.....#
#.@##...#
###.....##
#........##
....#.####..#
#####K ##.# #.
#.# ###.# #.##
#...# #..# .###
#...# ##.###


You could see Terence, an adder (wandering), a ball python, a kobold (asleep)
and a frilled lizard (wandering).

Vanquished Creatures
  A dart slug (D:1)
  2 ball pythons (D:1)
  5 endoplasms
  A giant cockroach (D:1)
  A hobgoblin (D:1)
  3 jackals (D:1)
  2 quokkas (D:1)
  4 bats
  A frilled lizard (D:1)
  4 kobolds (D:1)
  5 rats (D:1)
29 creatures vanquished.

Notes
Turn   | Place    | Note
-------+----------+-------------------------------------------
     0 | D:1      | sking99 the Octopode Artificer began the quest for the Orb.
     0 | D:1      | Reached XP level 1. HP: 13/13 MP: 1/1
   253 | D:1      | Reached XP level 2. HP: 17/18 MP: 2/2
   279 | D:1      | Reached skill level 1 in Maces & Flails
   436 | D:1      | Found Dusigh's Weapon Emporium.
   678 | D:1      | Found a faded altar of an unknown god.
   735 | D:1      | Reached XP level 3. HP: 23/23 MP: 3/3
   954 | D:2      | Noticed Terence
   961 | D:2      | Slain by Terence

Illustrated notes

Levels and vault maps discovered:
D:1:      ncdulo_halloftheorcs, layout_rooms, serial_shops,
          nicolae_shop_crystal, shapermc_ecumenical_altar_hornbeckon,
          dk_noncrumbling_4
D:2:      layout_rooms, kennysheep_doodads, uniq_sigmund, uniq_terence

Skill      XL: |  1  2 |
---------------+-------+-----
Maces & Flails | 1 |  1.5
Stealth        | 2 |  2.2
Fighting       | |  1.5
Dodging        | |  2.3
Evocations     | |  3.6

Action                   || total
-------------------------++-------
Melee: Club              ||    51
       Constrict         ||    11
       Tentacles         ||     7
 Stab: Sleeping          ||    10
Armor: Skin              ||     2
Dodge: Dodged            ||    26
